General information
- name: BNet
- type: Ladder team game (AT/RT)
- host: Battle.net
- saver: Gobiner
map: SilverpineForest
- players: 6
- length: 132:53
- speed: Fast
- version: 1.23 W3XP
- replay type: Public
» download(768 KB)
Players
team 1 (loser)
nOskilI (
red | 44 APM | 5795 actions | 132:52)
7 Tauren Chieftain
2 War Stomp
3 Endurance Aura
1 Shockwave
1 Reincarnation
» actions
| Assign group hotkey | 96 | |
| Basic commands | 156 | |
| Build / train | 127 | |
| Enter build submenu | 29 | |
| Enter hero's abilities submenu | 7 | |
| Give item / drop item | 8 | |
| Remove unit from queue | 5 | |
| Right click | 3178 | |
| Select / deselect | 1318 | |
| Select group hotkey | 537 | |
| Use ability | 330 | |
5795 total
» units
| Peon | 23 | |
| Grunt | 7 | |
| Demolisher | 13 | |
| Tauren | 4 | |
| Troll Batrider | 14 | |
61 total
» upgrades
| Pillage | 1 | |
| Berserker Strength | 1 | |
| Spiked Barricades | 1 | |
| Burning Oil | 1 | |
| Pulverize | 1 | |
| Liquid Fire | 1 | |
6 total
» buildings
| Altar of Storms | 1 | |
| Orc Burrow | 15 | |
| Barracks | 2 | |
| Voodoo Lounge | 2 | |
| Stronghold | 3 | |
| Great Hall | 1 | |
| War Mill | 1 | |
| Fortress | 1 | |
| Tauren Totem | 2 | |
| Beastiary | 2 | |
30 total
» build order
00:09 Altar of Storms
00:18 Orc Burrow
01:19 Barracks
01:30 Barracks
01:57 Orc Burrow
02:33 Voodoo Lounge
03:33 Orc Burrow
05:38 Orc Burrow
06:02 Stronghold
07:34 Great Hall
07:51 War Mill
08:27 Fortress
09:35 Orc Burrow
09:41 Orc Burrow
11:48 Tauren Totem
11:53 Tauren Totem
17:23 Orc Burrow
17:29 Orc Burrow
19:12 Orc Burrow
21:51 Beastiary
21:53 Beastiary
23:08 Orc Burrow
23:13 Orc Burrow
25:02 Orc Burrow
25:57 Orc Burrow
30:10 Orc Burrow
30:10 Orc Burrow
36:33 Voodoo Lounge
» items
| Healing Salve | 3 | |
| Scroll of Speed | 1 | |
| Dust of Appearance | 1 | |
| Tome of Retraining | 1 | |
| Lesser Clarity Potion | 8 | |
| Potion of Mana | 11 | |
| Potion of Healing | 9 | |
| Scroll of Town Portal | 4 | |
| Potion of Lesser Invulnerability | 2 | |
40 total
oposoaosf (
orange | 84 APM | 10832 actions | 128:15)
7 Death Knight
3 Death Coil
2 Unholy Aura
1 Death Pact
1 Animate Dead
7 Lich
3 Frost Nova
3 Frost Armor
1 Death and Decay
5 Crypt Lord
3 Impale
2 Spiked Carapace
1 Priestess of the Moon
1 Scout
» actions
| Assign group hotkey | 83 | |
| Basic commands | 280 | |
| Build / train | 158 | |
| Enter build submenu | 70 | |
| Enter hero's abilities submenu | 20 | |
| Give item / drop item | 17 | |
| Remove unit from queue | 3 | |
| Right click | 4968 | |
| Select / deselect | 1596 | |
| Select group hotkey | 3151 | |
| Use ability | 485 | |
10832 total
» units
| Acolyte | 38 | |
| Ghoul | 2 | |
| Crypt Fiend | 13 | |
| Obsidian Statue | 6 | |
| Frost Wyrm | 16 | |
| Meatwagon | 2 | |
| Gargoyle | 8 | |
| Goblin Zeppelin | 2 | |
87 total
» upgrades
| Burrow | 1 | |
| Web | 1 | |
| Freezing Breath | 1 | |
| Creature Carapace | 3 | |
| Creature Attack | 3 | |
9 total
» buildings
| Graveyard | 1 | |
| Crypt | 2 | |
| Altar of Darkness | 2 | |
| Ziggurat | 37 | |
| Tomb of Relics | 2 | |
| Halls of the Dead | 1 | |
| Nerubian Tower | 3 | |
| Black Citadel | 1 | |
| Slaughterhouse | 1 | |
| Sacrificial Pit | 2 | |
| Boneyard | 2 | |
| Necropolis | 7 | |
| Spirit Tower | 14 | |
75 total
» build order
00:05 Graveyard
00:07 Crypt
00:30 Altar of Darkness
00:43 Ziggurat
01:03 Tomb of Relics
01:49 Ziggurat
03:59 Halls of the Dead
04:09 Nerubian Tower
04:33 Ziggurat
05:34 Ziggurat
06:33 Black Citadel
08:03 Slaughterhouse
08:57 Sacrificial Pit
10:50 Boneyard
12:08 Ziggurat
12:09 Ziggurat
15:50 Necropolis
16:08 Spirit Tower
16:17 Spirit Tower
16:21 Ziggurat
17:27 Ziggurat
17:30 Ziggurat
17:32 Ziggurat
17:41 Ziggurat
19:14 Nerubian Tower
19:15 Spirit Tower
19:18 Ziggurat
19:52 Ziggurat
19:53 Ziggurat
21:05 Spirit Tower
23:27 Spirit Tower
24:24 Ziggurat
24:41 Necropolis
25:04 Ziggurat
25:16 Ziggurat
25:20 Ziggurat
25:37 Spirit Tower
26:15 Spirit Tower
27:40 Necropolis
27:53 Ziggurat
27:57 Ziggurat
27:59 Ziggurat
28:01 Ziggurat
28:03 Ziggurat
28:14 Ziggurat
28:18 Ziggurat
29:01 Nerubian Tower
29:02 Spirit Tower
32:19 Ziggurat
32:21 Ziggurat
32:22 Ziggurat
32:27 Ziggurat
32:31 Ziggurat
33:18 Spirit Tower
33:20 Spirit Tower
33:29 Spirit Tower
34:27 Spirit Tower
35:04 Necropolis
38:30 Ziggurat
38:31 Ziggurat
38:32 Ziggurat
38:35 Ziggurat
38:45 Ziggurat
38:49 Ziggurat
38:54 Ziggurat
40:47 Spirit Tower
42:00 Sacrificial Pit
42:49 Spirit Tower
46:46 Tomb of Relics
49:03 Boneyard
70:01 Crypt
94:51 Altar of Darkness
113:01 Necropolis
113:07 Necropolis
116:46 Necropolis
» items
| Rod of Necromancy | 3 | |
| Dust of Appearance | 2 | |
| Potion of Mana | 1 | |
| Orb of Corruption | 1 | |
| Scroll of Healing | 2 | |
| Scroll of Town Portal | 8 | |
17 total
Orc-Gasm (
blue | 91 APM | 11659 actions | 128:18)
6 Priestess of the Moon
1 Searing Arrows
3 Trueshot Aura
1 Scout
1 Starfall
4 Keeper of the Grove
2 Entangling Roots
2 Thorns Aura
» actions
| Assign group hotkey | 71 | |
| Basic commands | 278 | |
| Build / train | 187 | |
| ESC pressed | 16 | |
| Enter build submenu | 55 | |
| Enter hero's abilities submenu | 11 | |
| Give item / drop item | 12 | |
| Remove unit from queue | 1 | |
| Right click | 4230 | |
| Select / deselect | 1669 | |
| Select group hotkey | 4692 | |
| Use ability | 430 | |
11659 total
» units
| Wisp | 59 | |
| Huntress | 6 | |
| Druid of the Talon | 7 | |
| Dryad | 13 | |
| Archer | 9 | |
| Glaive Thrower | 3 | |
| Druid of the Claw | 1 | |
| Hippogryph | 1 | |
| Chimaera | 4 | |
| Goblin Zeppelin | 3 | |
106 total
» upgrades
| Sentinel | 1 | |
| Druid of the Talon Training | 2 | |
| Well Spring | 1 | |
| Improved Bows | 1 | |
| Marksmanship | 1 | |
| Strength of the Moon | 3 | |
| Abolish Magic | 1 | |
| Mark of the Talon | 1 | |
| Moon Armor | 3 | |
| Vorpal Blades | 1 | |
| Strength of the Wild | 3 | |
| Reinforced Hides | 3 | |
| Druid of the Claw Training | 2 | |
| Hippogryph Taming | 1 | |
| Ultravision | 1 | |
| Upgrade Moon Glaive | 1 | |
| Mark of the Claw | 1 | |
| Hardened Skin | 2 | |
| Resistant Skin | 1 | |
| Nature's Blessing | 1 | |
| Corrosive Breath | 1 | |
32 total
» buildings
| Altar of Elders | 1 | |
| Moon Well | 13 | |
| Hunter's Hall | 3 | |
| Ancient of War | 2 | |
| Tree of Ages | 1 | |
| Tree of Life | 4 | |
| Ancient of Lore | 2 | |
| Ancient of Wind | 3 | |
| Tree of Eternity | 1 | |
| Ancient Protector | 6 | |
| Chimaera Roost | 8 | |
| Ancient of Wonders | 2 | |
46 total
» build order
00:05 Altar of Elders
00:19 Moon Well
01:40 Hunter's Hall
01:59 Ancient of War
02:08 Moon Well
02:19 Ancient of War
03:13 Moon Well
05:13 Tree of Ages
05:25 Moon Well
06:00 Tree of Life
07:15 Tree of Life
07:40 Ancient of Lore
07:42 Ancient of Wind
08:39 Tree of Eternity
09:58 Ancient Protector
12:03 Ancient of Wind
12:10 Ancient of Wind
13:01 Chimaera Roost
13:11 Chimaera Roost
14:12 Moon Well
14:59 Moon Well
15:23 Ancient Protector
15:26 Ancient Protector
16:01 Ancient Protector
16:45 Ancient Protector
16:47 Ancient Protector
18:03 Chimaera Roost
18:09 Chimaera Roost
18:15 Chimaera Roost
18:32 Chimaera Roost
21:02 Tree of Life
21:13 Moon Well
25:12 Ancient of Lore
34:08 Tree of Life
44:55 Ancient of Wonders
56:56 Moon Well
62:01 Chimaera Roost
62:26 Chimaera Roost
83:32 Moon Well
83:34 Moon Well
83:37 Ancient of Wonders
84:56 Hunter's Hall
85:07 Moon Well
86:04 Moon Well
86:51 Moon Well
128:15 Hunter's Hall
» items
| Scroll of Town Portal | 18 | |
| Scroll of Healing | 7 | |
| Dust of Appearance | 1 | |
| Orb of Corruption | 1 | |
| Potion of Lesser Invulnerability | 2 | |
| Orb of Venom | 1 | |
| Staff of Teleportation | 1 | |
31 total
team 2 (winner)
Erz (
green | 86 APM | 11389 actions | 132:52)
8 Archmage
3 Blizzard
3 Brilliance Aura
1 Mass Teleport
1 Summon Water Elemental
5 Goblin Tinker
3 Cluster Rockets
2 Pocket Factory
5 Blood Mage
3 Flame Strike
1 Banish
1 Siphon Mana
» actions
| Assign group hotkey | 4091 | |
| Basic commands | 76 | |
| Build / train | 175 | |
| ESC pressed | 4 | |
| Enter build submenu | 85 | |
| Enter hero's abilities submenu | 22 | |
| Give item / drop item | 25 | |
| Right click | 3209 | |
| Select / deselect | 1253 | |
| Select group hotkey | 1692 | |
| Use ability | 752 | |
11389 total
» units
| Peasant | 23 | |
| Sorceress | 3 | |
| Priest | 3 | |
| Gryphon Rider | 8 | |
| Dragonhawk Rider | 4 | |
| Mortar Team | 1 | |
42 total
» upgrades
| Masonry | 3 | |
| Lumber Harvesting | 2 | |
| Sorceress Training | 2 | |
| Priest Training | 3 | |
| Storm Hammers | 1 | |
| Cloud | 1 | |
| Swords | 3 | |
| Armor | 3 | |
| Animal War Training | 1 | |
| Magic Sentry | 1 | |
| Flare | 1 | |
21 total
» buildings
| Altar of Kings | 1 | |
| Farm | 23 | |
| Lumber Mill | 2 | |
| Scout Tower | 95 | |
| Arcane Tower | 3 | |
| Guard Tower | 23 | |
| Keep | 1 | |
| Arcane Vault | 1 | |
| Castle | 1 | |
| Arcane Sanctum | 1 | |
| Blacksmith | 1 | |
| Town Hall | 1 | |
| Gryphon Aviary | 4 | |
| Barracks | 1 | |
| Workshop | 1 | |
159 total
» build order
00:07 Altar of Kings
00:34 Farm
00:53 Lumber Mill
01:04 Scout Tower
01:33 Farm
01:36 Arcane Tower
01:45 Scout Tower
02:14 Guard Tower
02:26 Scout Tower
02:28 Scout Tower
02:29 Scout Tower
02:30 Scout Tower
03:39 Keep
03:41 Guard Tower
04:34 Guard Tower
04:35 Arcane Vault
06:21 Scout Tower
06:21 Scout Tower
06:22 Scout Tower
06:23 Scout Tower
06:25 Scout Tower
07:13 Scout Tower
07:13 Scout Tower
07:14 Scout Tower
07:15 Scout Tower
07:38 Castle
07:43 Arcane Sanctum
07:46 Blacksmith
07:52 Guard Tower
08:09 Scout Tower
08:10 Scout Tower
08:11 Scout Tower
08:12 Scout Tower
08:13 Scout Tower
08:13 Scout Tower
08:14 Scout Tower
08:24 Guard Tower
08:32 Scout Tower
08:33 Scout Tower
08:33 Scout Tower
08:34 Scout Tower
09:03 Scout Tower
09:05 Scout Tower
09:05 Scout Tower
09:24 Guard Tower
09:25 Scout Tower
09:27 Scout Tower
09:28 Scout Tower
09:29 Scout Tower
09:29 Scout Tower
09:58 Farm
10:07 Guard Tower
10:38 Guard Tower
10:43 Town Hall
11:16 Guard Tower
11:54 Scout Tower
11:55 Scout Tower
11:55 Scout Tower
11:56 Scout Tower
12:30 Guard Tower
12:34 Gryphon Aviary
12:36 Gryphon Aviary
13:05 Arcane Tower
13:18 Guard Tower
15:24 Guard Tower
15:49 Farm
18:46 Farm
19:59 Barracks
22:36 Farm
22:36 Farm
22:37 Farm
22:44 Farm
23:26 Gryphon Aviary
23:28 Gryphon Aviary
24:14 Farm
32:17 Workshop
43:30 Scout Tower
43:55 Scout Tower
43:56 Scout Tower
44:10 Guard Tower
44:39 Guard Tower
44:48 Scout Tower
44:53 Scout Tower
44:57 Scout Tower
45:03 Scout Tower
45:04 Scout Tower
46:16 Guard Tower
46:20 Scout Tower
46:21 Scout Tower
46:42 Scout Tower
46:43 Scout Tower
46:45 Scout Tower
46:45 Scout Tower
46:46 Scout Tower
46:47 Scout Tower
47:11 Guard Tower
47:18 Scout Tower
47:21 Scout Tower
48:25 Guard Tower
48:28 Scout Tower
48:28 Scout Tower
48:29 Scout Tower
48:30 Scout Tower
48:30 Scout Tower
48:32 Scout Tower
48:32 Scout Tower
49:48 Farm
49:49 Farm
50:14 Guard Tower
50:41 Farm
54:59 Scout Tower
55:00 Scout Tower
55:29 Arcane Tower
95:29 Lumber Mill
95:46 Scout Tower
95:47 Scout Tower
95:48 Scout Tower
95:49 Scout Tower
96:23 Scout Tower
96:24 Scout Tower
96:24 Scout Tower
96:25 Scout Tower
96:25 Scout Tower
96:26 Scout Tower
96:28 Scout Tower
96:30 Scout Tower
96:30 Scout Tower
96:33 Scout Tower
96:39 Scout Tower
96:40 Scout Tower
96:43 Scout Tower
96:43 Scout Tower
96:43 Scout Tower
96:44 Scout Tower
96:45 Guard Tower
97:00 Guard Tower
97:35 Guard Tower
97:42 Guard Tower
97:49 Scout Tower
99:37 Guard Tower
99:55 Farm
100:01 Farm
100:02 Farm
100:05 Farm
100:08 Farm
100:10 Farm
100:15 Farm
100:51 Farm
101:08 Farm
101:34 Farm
132:24 Scout Tower
132:25 Scout Tower
132:26 Scout Tower
132:27 Scout Tower
132:29 Scout Tower
132:32 Scout Tower
132:35 Scout Tower
» items
| Healing Salve | 2 | |
| Scroll of Regeneration | 3 | |
| Lesser Clarity Potion | 3 | |
| Staff of Sanctuary | 1 | |
| Scroll of Town Portal | 5 | |
| Potion of Healing | 4 | |
| Staff of Teleportation | 3 | |
| Periapt of Vitality | 6 | |
| Potion of Lesser Invulnerability | 2 | |
| Scroll of Healing | 3 | |
| Boots of Speed | 2 | |
| Tiny Great Hall | 1 | |
35 total
Ghandi23 (
yellow | 48 APM | 6394 actions | 132:52)
7 Blademaster
3 Wind Walk
3 Critical Strike
1 Bladestorm
5 Pit Lord
3 Rain of Fire
2 Howl of Terror
» actions
| Assign group hotkey | 16 | |
| Basic commands | 98 | |
| Build / train | 90 | |
| ESC pressed | 6 | |
| Enter build submenu | 85 | |
| Enter hero's abilities submenu | 13 | |
| Give item / drop item | 19 | |
| Remove unit from queue | 2 | |
| Right click | 2856 | |
| Select / deselect | 685 | |
| Select group hotkey | 2063 | |
| Use ability | 460 | |
6394 total
» units
| Peon | 27 | |
| Troll Batrider | 11 | |
| Goblin Zeppelin | 1 | |
39 total
» upgrades
| Liquid Fire | 1 | |
| Ranged Weapons | 1 | |
2 total
» buildings
| Altar of Storms | 2 | |
| Orc Burrow | 5 | |
| War Mill | 1 | |
| Watch Tower | 58 | |
| Voodoo Lounge | 1 | |
| Stronghold | 1 | |
| Fortress | 1 | |
| Great Hall | 2 | |
| Beastiary | 2 | |
73 total
» build order
00:09 Altar of Storms
00:13 Orc Burrow
00:48 War Mill
01:43 Orc Burrow
02:16 Watch Tower
02:24 Watch Tower
02:32 Voodoo Lounge
02:53 Watch Tower
03:07 Watch Tower
03:16 Watch Tower
03:23 Watch Tower
03:56 Watch Tower
04:22 Watch Tower
04:52 Watch Tower
05:22 Watch Tower
05:23 Watch Tower
05:24 Watch Tower
05:39 Watch Tower
06:21 Watch Tower
06:47 Watch Tower
06:48 Watch Tower
06:54 Stronghold
07:40 Watch Tower
07:56 Watch Tower
07:59 Watch Tower
08:56 Watch Tower
08:57 Watch Tower
09:39 Watch Tower
09:43 Fortress
10:19 Watch Tower
10:23 Great Hall
10:28 Watch Tower
10:29 Watch Tower
10:54 Beastiary
10:58 Beastiary
11:09 Watch Tower
11:10 Watch Tower
11:52 Watch Tower
11:52 Watch Tower
12:51 Watch Tower
12:52 Watch Tower
12:52 Watch Tower
13:20 Watch Tower
13:22 Watch Tower
14:58 Orc Burrow
15:01 Watch Tower
15:02 Watch Tower
16:14 Watch Tower
16:15 Watch Tower
16:44 Watch Tower
17:18 Watch Tower
17:21 Watch Tower
17:21 Watch Tower
18:27 Watch Tower
18:27 Watch Tower
18:28 Watch Tower
18:28 Watch Tower
18:29 Watch Tower
18:31 Watch Tower
19:10 Watch Tower
19:46 Watch Tower
21:09 Watch Tower
21:14 Watch Tower
21:16 Watch Tower
21:18 Watch Tower
22:14 Watch Tower
22:16 Orc Burrow
22:36 Watch Tower
27:32 Great Hall
33:06 Watch Tower
33:09 Watch Tower
49:14 Orc Burrow
50:11 Altar of Storms
» items
| Healing Salve | 5 | |
| Lesser Clarity Potion | 9 | |
| Circlet of Nobility | 2 | |
| Boots of Speed | 2 | |
| Staff of Teleportation | 2 | |
| Orb of Lightning | 2 | |
| Medallion of Courage | 1 | |
| Mechanical Critter | 6 | |
| Amulet of Spell Shield | 1 | |
| Potion of Lesser Invulnerability | 1 | |
31 total
Gobiner (
teal | 42 APM | 5625 actions | 132:53)
8 Blademaster
3 Wind Walk
3 Critical Strike
1 Bladestorm
1 Mirror Image
» actions
| Assign group hotkey | 46 | |
| Basic commands | 141 | |
| Build / train | 124 | |
| ESC pressed | 3 | |
| Enter build submenu | 71 | |
| Enter hero's abilities submenu | 9 | |
| Give item / drop item | 9 | |
| Right click | 2595 | |
| Select / deselect | 795 | |
| Select group hotkey | 1238 | |
| Use ability | 594 | |
5625 total
» units
| Peon | 37 | |
| Troll Batrider | 24 | |
| Wind Rider | 4 | |
| Goblin Zeppelin | 1 | |
66 total
» upgrades
| Liquid Fire | 1 | |
| Reinforced Defenses | 1 | |
| Ranged Weapons | 2 | |
| Armor | 1 | |
5 total
» buildings
| Altar of Storms | 2 | |
| Orc Burrow | 16 | |
| War Mill | 4 | |
| Watch Tower | 28 | |
| Voodoo Lounge | 2 | |
| Stronghold | 2 | |
| Fortress | 2 | |
| Beastiary | 8 | |
| Great Hall | 2 | |
66 total
» build order
00:06 Altar of Storms
00:17 Orc Burrow
00:29 War Mill
01:41 Watch Tower
01:53 Orc Burrow
02:14 Watch Tower
02:38 Watch Tower
03:06 Voodoo Lounge
03:21 Watch Tower
03:49 Watch Tower
04:24 Stronghold
04:26 Watch Tower
05:22 Watch Tower
05:23 Watch Tower
05:26 Watch Tower
06:42 Watch Tower
06:43 Watch Tower
07:34 Fortress
07:37 Beastiary
07:39 Beastiary
07:50 Watch Tower
07:51 Watch Tower
08:29 Orc Burrow
08:31 Orc Burrow
09:25 Watch Tower
09:26 Watch Tower
10:57 Watch Tower
10:58 Watch Tower
11:00 Watch Tower
11:01 Watch Tower
12:52 Watch Tower
12:56 Watch Tower
14:18 Beastiary
14:26 Beastiary
14:36 Beastiary
15:21 War Mill
17:15 Voodoo Lounge
17:46 Orc Burrow
20:51 Orc Burrow
20:55 Orc Burrow
21:03 Orc Burrow
22:00 Orc Burrow
22:55 Orc Burrow
44:28 Great Hall
66:41 Orc Burrow
67:55 War Mill
69:11 Watch Tower
70:36 Watch Tower
80:06 War Mill
83:42 Orc Burrow
84:15 Great Hall
86:57 Altar of Storms
89:41 Watch Tower
91:33 Watch Tower
92:47 Watch Tower
92:55 Stronghold
93:00 Orc Burrow
93:59 Orc Burrow
95:42 Watch Tower
95:51 Orc Burrow
95:54 Orc Burrow
96:05 Beastiary
96:51 Watch Tower
97:29 Beastiary
97:38 Beastiary
97:44 Fortress
» items
| Boots of Speed | 1 | |
| Dust of Appearance | 5 | |
| Lesser Clarity Potion | 16 | |
| Healing Salve | 4 | |
| Staff of Teleportation | 1 | |
| Orb of Lightning | 2 | |
| Scroll of Town Portal | 2 | |
| Ancient Janggo of Endurance | 1 | |
| Tiny Great Hall | 1 | |
| Claws of Attack +12 | 2 | |
| Potion of Lesser Invulnerability | 2 | |
| Scroll of Healing | 1 | |
38 total
Chat log
(07:21 / Allies) Erz: woooops
(09:46 / All) oposoaosf: WOOD
(09:52 / All) Gobiner: wood?
(10:26 / Allies) Erz: lum
(25:59 / Allies) Erz: didnt hear what u just said
(26:03 / Allies) Gobiner: get priest with dispel
(26:11 / Allies) Erz: k
(27:31 / Allies) Erz: lum
(29:21 / All) oposoaosf: fuck
(32:24 / Allies) Erz: i will
(36:45 / Allies) Erz: i stopped mining
(41:41 / Allies) Erz: ya
(43:38 / Allies) Ghandi23: you know i got a zepp right
(43:42 / Allies) Erz: welll
(43:47 / Allies) Erz: i forgot this map had lab
(43:54 / Allies) Ghandi23: i even said it in vent
(44:01 / Allies) Erz: yeah im having trouble hearing
(44:04 / Allies) Erz: sry
(46:22 / Allies) Ghandi23: care
(58:08 / Allies) Ghandi23: buy
(58:09 / Allies) Ghandi23: back
(58:11 / Allies) Erz: no gold
(58:13 / Allies) Erz: dont worry about it
(58:18 / Allies) Ghandi23: do it
(58:27 / Allies) Ghandi23: care
(60:33 / All) oposoaosf: did i play with u guys?
(60:37 / All) Ghandi23: me?
(60:39 / All) oposoaosf: 5 houss
(60:42 / All) oposoaosf: i duni
(60:46 / All) oposoaosf: same plan
(60:53 / All) oposoaosf: and we lose
(61:08 / All) Erz: you're doing much better this time
(61:14 / All) oposoaosf: ya
(66:27 / All) Gobiner: hi
(67:13 / Allies) Erz: 12
(67:21 / All) Gobiner: hi
(81:30 / Allies) Erz: i lost it
(88:36 / Allies) Erz: a lot
(90:16 / All) oposoaosf: why u know^^?
(90:21 / All) Ghandi23: me?
(90:25 / All) oposoaosf: bm
(94:59 / Allies) Erz: gold and ill remake towers
(101:57 / Allies) Erz: go to tav rq
(101:59 / Allies) Erz: before they kill farms
(106:32 / Allies) Erz: get a couple bats if you can for zeps
(119:23 / All) Ghandi23: u guys got ne golds
(119:45 / All) Ghandi23: i need to borrow like 100
(122:44 / All) Ghandi23: D
(122:53 / All) oposoaosf: B
(123:05 / All) oposoaosf: HACKER
(123:06 / All) oposoaosf: ZZ
(123:09 / All) Gobiner: lol
(123:23 / All) Ghandi23: gg
(127:50 / Allies) Erz: haha
(127:51 / All) oposoaosf: HACKER
(127:52 / All) oposoaosf: ZZ
(127:56 / All) oposoaosf: fuck hacker
(128:01 / All) Erz: nice move
(128:03 / All) Gobiner: 2ez nubs
(128:05 / All) oposoaosf: nice zz
(128:13 / All) oposoaosf: sigh
(129:45 / Allies) Erz: i cant choose rockets on my tinker
(129:47 / Allies) Erz: wtf
(129:49 / Allies) Erz: o
(129:50 / Allies) Erz: maybe lag
(130:01 / Allies) Erz: ya
(130:03 / Allies) Erz: but it took a bit